 Dungeon Crawl Stone Soup version 0.31-a0-925-g0a390f2509 (webtiles) character file.

Game seed: 17858432823275023012

472 omnomnOMINOUS the Trooper (level 7, 0/47 HPs)
             Began as an Octopode Wanderer on Oct 18, 2023.
             Was an Initiate of Hepliaklqana.
             Slain by a gnoll
             ... wielding a +0 flail
             ... led by a gnoll bouda
              (3 damage)
             ... on level 5 of the Dungeon.
             The game lasted 00:07:04 (3899 turns).

omnomnOMINOUS the Trooper (Octopode Wanderer)       Turns: 3899, Time: 00:07:05

Health: 0/47       AC:  1    Str: 11    XL:     7   Next: 9%
Magic:  10/10      EV: 13    Int: 19    God:    Hepliaklqana [......]
Gold:   253        SH:  4    Dex:  9    Spells: 7/10 levels left

rFire   . . .        a - +2 short sword (holy)
rCold   . . .        c - +0 buckler
rNeg    . . .        (helmet restricted)
rPois   .            (no amulet)
rElec   .            (no ring)
rCorr   .            (no ring)
SInv    .            (no ring)
Will    .....        (no ring)
Stlth   +++          (no ring)
HPRegen 0.27/turn    (no ring)
MPRegen 0.12/turn    (no ring)
                     (no ring)

%: no passive effects
@: mighty
A: almost no armour, amphibious, 8 rings, camouflage 1, gelatinous body 1,
(nimble swimmer 1), tentacles
a: Renounce Religion


You were on level 5 of the Dungeon.
You worshipped Hepliaklqana.
Hepliaklqana was noncommittal.
You visited 1 branch of the dungeon, and saw 5 of its levels.

You collected 253 gold pieces.

Inventory:

Hand Weapons
 a - a +2 short sword of holy wrath (weapon)
 b - a +2 dagger of flaming
Armour
 c - a +0 buckler (worn)
Scrolls
 f - 2 scrolls of immolation {unknown}
 g - 2 scrolls of fog {unknown}
 h - 3 scrolls of vulnerability {unknown}
 i - a scroll of fear {unknown}
 j - a scroll of blinking {unknown}
 m - 2 scrolls of amnesia {unknown}
 p - 2 scrolls of teleportation
 q - a scroll of enchant armour {unknown}
 r - 2 scrolls of identify {unknown}
Potions
 d - a potion of degeneration {unknown}
 e - a potion of might
 k - a potion of haste {unknown}
 l - a potion of curing {unknown}
 n - a potion of attraction {unknown}
 o - 2 potions of brilliance {unknown}


   Skills:
 + Level 3.7 Fighting
 + Level 3.3 Dodging
 - Level 2.6 Stealth
 + Level 3.5 Shields
 - Level 2.0 Spellcasting
 + Level 3.0 Conjurations
 - Level 1.0 Necromancy
 - Level 2.1 Evocations


You had 7 spell levels left.
You knew the following spells:

 Your Spells              Type           Power      Damage    Failure   Level
a - Apportation           Tloc           2%         N/A       24%         1
b - Searing Ray           Conj           26%        2d5       10%         2

Your spell library contained the following spells:

 Spells                   Type           Power      Damage    Failure   Level
 Necrotise                Necr           20%        1d5       16%         1
 Sublimation of Blood     Necr           5%         N/A       24%         2
 Cigotuvi's Dreadful Rot  Necr/Pois/Air  6%         N/A       30%         2
 Ensorcelled Hibernation  Hex/Ice        2%         N/A       34%         2
 Jinxbite                 Hex            2%         N/A       34%         2
 Ozocubu's Armour         Ice            1%         N/A       56%         3
 Brom's Barrelling Bould  Conj/Erth      7%         2d3       77%         4
 Anguish                  Hex/Necr       1%         N/A       88%         4
 Summon Lightning Spire   Summ/Air       1%         N/A       93%         4
 Lee's Rapid Deconstruct  Erth           0%         3d4*      100%        5
 Lehudib's Crystal Spear  Conj/Erth      3%         10d3      100%        8
 Animate Armour           Summ/Erth      Unusable   N/A       N/A         4

Dungeon Overview and Level Annotations

Branches:
Dungeon (5/15)
 Temple: D:4-7

Altars:
Cheibriados
Hepliaklqana
Kikubaaqudgha
Nemelex Xobeh
Qazlal


Innate Abilities, Weirdness & Mutations

You cannot wear most types of armour.
You are amphibious.
You can wear up to eight rings at the same time.
Your skin changes colour to match your surroundings (Stealth+).
Your rubbery body absorbs attacks. (AC +1, EV +1)
((You are camouflaged when in or above water. (Stealth+)))
You have tentacles for arms and can constrict up to eight enemies at once.


Message History

You are too injured to fight recklessly!
You are too injured to fight recklessly!
You are too injured to fight recklessly!
You are too injured to fight recklessly!
You are too injured to fight recklessly!
You are too injured to fight recklessly!
Unknown command.
You barely miss the centaur.
The centaur is severely wounded.
The centaur hits you. The centaur kicks you.
You hit the centaur.
The centaur is severely wounded.
The centaur hits you.
The centaur kicks you but does no damage.
The centaur hits you.
* * * LOW HITPOINT WARNING * * *
The centaur barely misses you.
You hit the centaur. You tentacle-slap the centaur.
The centaur is almost dead.
The centaur hits you.
* * * LOW HITPOINT WARNING * * *
The centaur barely misses you.
It was a potion of might.
You feel very mighty all of a sudden. The centaur barely misses you.
The centaur kicks you.
* * * LOW HITPOINT WARNING * * *
You block the centaur's attack. x2
You closely miss the centaur. You tentacle-slap the centaur.
You kill the centaur!
You block the gnoll's attack.
Your Conjurations skill increases to level 3!
You have reached level 7!
You puncture the gnoll! Your grab misses the gnoll.
The gnoll is almost dead.
You block the gnoll's attack.
You closely miss the gnoll. You grab the gnoll.
The gnoll is almost dead.
You constrict the gnoll, but do no damage.
The gnoll hits you with a +0 flail.
You die... #.<..# ######### #.#.## ##........ #.. gg.

##......... ....
.$.
#...............
...
#.............$.
#..
#...............
..
#.).............
.. #..@g......
##.).......
##........
#########


You could see a gnoll.

Vanquished Creatures
  An ogre (D:4)
  A centaur (D:5)
  A gnoll bouda (D:4)
  A sleepcap (D:4)
  An orc priest (D:4)
  4 adders
  9 gnolls
  4 worms
  A dart slug (D:4)
  7 orcs (D:4)
  4 ball pythons
  4 bats
  7 endoplasms
  5 giant cockroaches
  6 goblins
  4 hobgoblins
  7 jackals
  2 quokkas
  5 frilled lizards
  7 kobolds
  3 rats
84 creatures vanquished.

Notes
Turn   | Place    | Note
-------+----------+-------------------------------------------
     0 | D:1      | omnomnOMINOUS the Octopode Wanderer began the quest for the
                  | Orb.
     0 | D:1      | omnomnOMINOUS set off with the following items: a +0 club,
                  | a scroll of teleportation, a +0 buckler; and the following
                  | spells available to memorise: Necrotise, Apportation,
                  | Sublimation of Blood, Cigotuvi's Dreadful Rot, Searing Ray,
                  | Ozocubu's Armour.
     0 | D:1      | Reached XP level 1. HP: 13/13 MP: 3/3
    59 | D:1      | Reached XP level 2. HP: 15/18 MP: 5/5
    78 | D:1      | Learned a level 1 spell: Apportation
    81 | D:1      | Learned a level 2 spell: Searing Ray
    98 | D:1      | Reached skill level 1 in Dodging
   346 | D:1      | Reached XP level 3. HP: 21/24 MP: 6/6
   627 | D:2      | Identified the "Hoydiuge"
   983 | D:2      | Reached skill level 1 in Conjurations
  1033 | D:2      | Reached XP level 4. HP: 29/29 MP: 7/7
  1612 | D:2      | Reached XP level 5. HP: 21/35 MP: 8/8
  2249 | D:4      | Noticed an ogre
  2260 | D:4      | Killed an ogre
  2261 | D:4      | Reached XP level 6. HP: 33/42 MP: 5/9
  2352 | D:4      | Found a stormy altar of Qazlal.
  3601 | D:4      | Found a hazy altar of Hepliaklqana.
  3606 | D:4      | Became a worshipper of Hepliaklqana the Forgotten
  3609 | D:4      | Found a snail-covered altar of Cheibriados.
  3609 | D:4      | Found an ancient bone altar of Kikubaaqudgha.
  3611 | D:4      | Found a sparkling altar of Nemelex Xobeh.
  3705 | D:5      | Entered Level 5 of the Dungeon
  3896 | D:5      | HP: 2/42 [centaur (3)]
  3898 | D:5      | Reached XP level 7. HP: 3/47 MP: 10/10
  3899 | D:5      | Slain by a gnoll

Illustrated notes

Levels and vault maps discovered:
D:1:      orjb1_lava_funnel, layout_basic, hangedman_decor_growths
D:2:      layout_basic
D:3:      layout_basic
D:4:      layout_layer_cave, minitemple, amcnicky_altar_gilded
D:5:      layout_rooms

Skill      XL: |  1  2  3  4  5  6 |
---------------+-------------------+-----
Dodging        | 1 2 3 |  3.3
Fighting       | 2 3 |  3.7
Shields        | 2 3 |  3.5
Conjurations   | 1 2 3 |  3.0
Stealth        | |  2.6
Spellcasting   | |  2.0
Necromancy     | |  1.0
Evocations     | |  2.1

Action                     |  1- 3 |  4- 6 |  7- 9 || total
---------------------------+-------+-------+-------++-------
  Melee: Dagger            |    49 |   116 |       ||   165
         Constrict         |    14 |    26 |     1 ||    41
         Tentacles         |     6 |    37 |       ||    43
         Punch             |     1 |     4 |       ||     5
         Short sword       |       |    24 |     2 ||    26
   Cast: Searing Ray       |       |     1 |       ||     1
    Use: Potion            |       |     1 |       ||     1
   Stab: Sleeping          |     9 |    10 |       ||    19
 Armour: Skin              |    24 |    64 |     1 ||    89
  Dodge: Dodged            |    20 |    74 |       ||    94
  Block: Buckler           |    11 |    34 |     1 ||    46

Table legend: (Time is in decaauts)
 A = Elapsed time spent in this place.
 B = Non-inter-level travel time spent in this place.
 C = Inter-level travel time spent in this place.
 D = Time resting spent in this place.
 E = Time spent auto-exploring this place.
 F = Levels seen in this place.
 G = Mean time per level.
                   A        B        C        D        E       F      G
               +--------+--------+--------+--------+--------+-----+--------+
         Total |   3908 |   3725 |    183 |    458 |   2606 |   5 |  781.6 |
       Dungeon |   3908 |   3725 |    183 |    458 |   2606 |   5 |  781.6 |
               +--------+--------+--------+--------+--------+-----+--------+

Top non-repeatable levels by time:
     D:4: 1683 daAuts
     D:3: 951 daAuts
     D:1: 627 daAuts
     D:2: 626 daAuts
     D:5: 19 daAuts
